 Dungeon Crawl Stone Soup version 0.19.0-2-gae57169 (webtiles) character file.

4795 kae the Basher (level 10, 0/82 HPs)
             Began as a Formicid Fighter on Nov 5, 2016.
             Was an Elder of Okawaru.
             Succumbed to a black mamba's poison
             ... on level 1 of the Lair of Beasts.
             The game lasted 00:10:34 (7877 turns).

kae the Basher (Formicid Fighter)                   Turns: 7877, Time: 00:10:35

Health: 0/82       AC: 15    Str: 23    XL:     10   Next: 76%
Magic:  21/23      EV:  8    Int:  9    God:    Okawaru [****..]
Gold:   506        SH: 11    Dex: 10    Spells: 0 memorised, 9 levels left

rFire  . . .     SeeInvis +     n - +0 whip (elec)
rCold  . . .     Gourm    .     p - +0 plate armour
rNeg   . . .     Faith    .     c - +0 shield
rPois  .         Spirit   .     (helmet unavailable)
rElec  .         Reflect  .     (no cloak)
rCorr  .         Harm     .     (no gloves)
MR     +....                    y - +0 pair of boots
Stlth  ..........               (no amulet)
                                h - ring of magical power
                                l - ring of stealth

@: lethally poisoned (0 -> -10), heroism
A: permanent stasis, dig shafts and tunnels, four strong arms, antennae 3
a: Dig, Shaft Self, Heroism, Renounce Religion


You were on level 1 of the Lair of Beasts.
You worshipped Okawaru.
Okawaru was greatly pleased with you.
You were hungry.

You visited 3 branches of the dungeon, and saw 10 of its levels.

You collected 506 gold pieces.

Inventory:

Hand Weapons
 a - a +1 flail
 n - a +0 whip of electrocution (weapon)
Armour
 b - a +0 scale mail
 c - a +0 shield (worn)
 p - a +0 plate armour (worn)
 y - a +0 pair of boots (worn)
Rods
 D - a -2 rod of ignition (11/11)
   (You found it on level 7 of the Dungeon)
Jewellery
 h - a ring of magical power (right hand)
 l - a ring of stealth (left hand)
 s - an uncursed ring of ice
 E - a +3 ring of dexterity {unknown}
Wands
 d - a wand of paralysis (24/24)
 g - a wand of iceblast (3/15)
Scrolls
 m - 2 scrolls of teleportation
 o - a scroll of remove curse
 u - 4 scrolls of enchant weapon
 B - a scroll of magic mapping
 F - a scroll of brand weapon {unknown}
Potions
 e - a potion of invisibility
 j - 9 potions of curing
 k - 4 potions of haste
 q - a potion of lignification {unknown}
 r - 3 potions of brilliance
 v - 7 potions of flight
 z - a potion of agility {unknown}
 A - 2 potions of degeneration
Comestibles
 f - 8 bread rations
 i - a royal jelly
 t - 2 meat rations
 w - 2 fruits
 x - a beef jerky
 G - 8 slices of pizza


   Skills:
 - Level 8.4(13.4) Fighting
 * Level 12.2(17.2) Maces & Flails
 - Level 3.2(8.2) Armour
 - Level 3.6(8.6) Shields
 + Level 5.9 Invocations


You had 9 spell levels left.
You didn't know any spells.

Dungeon Overview and Level Annotations

Branches:
Dungeon (8/15)             Temple (1/1) D:5            Lair (1/6) D:8

Altars:
Ashenzari
Cheibriados
Dithmenos
Elyvilon
Fedhas
Gozag
Hepliaklqana
Kikubaaqudgha
Makhleb
Nemelex Xobeh
Okawaru
Qazlal
Ru
Sif Muna
Trog
Uskayaw
Vehumet
Xom
Yredelemnul
Zin
The Shining One

Shops:
D:8 [


Innate Abilities, Weirdness & Mutations

You are under a permanent stasis effect.
You can dig through walls and to a lower floor.
Your four strong arms can wield two-handed weapons with a shield.
You have a pair of large antennae on your head. (SInv)


Message History

You closely miss the black mamba.
The black mamba is moderately wounded.
The black mamba barely misses you.
You hit the black mamba but do no damage.
The black mamba is moderately wounded.
The black mamba bites you!
* * * LOW HITPOINT WARNING * * *
You gain the combat prowess of a mighty hero.
The black mamba bites you.
* * * LOW HITPOINT WARNING * * *
You are poisoned.
The black mamba poisons you! The black mamba bites you!
* * * LOW HITPOINT WARNING * * *
You barely miss the black mamba.
The black mamba is moderately wounded.
* * * LOW HITPOINT WARNING * * *
You feel sick. You block the black mamba's attack.
You completely miss the black mamba.
The black mamba is moderately wounded.
You die...

.... #..# .... #.##
...## .... ##.# ...(#
.... #..# ....##
....####.# .....#
.........# ### #.....#
.........###.####P......
.>...............S......
................@.......
.#.#####................
.## ##...#+##.##.#.#.
#....# .... .. ##...#
.......# #.....
........#
##...####.##.##. #....
... .. .. ##


You could see a black mamba.

Vanquished Creatures
  Pikel (D:5)
  The ghost of CcS the Cleaver, a novice MiBe of Trog (D:6)
  2 spiny frogs (Lair:1)
  6 yaks (D:6)
  A wyvern (D:8)
  2 orc warriors
  A sky beast (D:8)
  4 slaves (D:5)
  A black bear (D:7)
  An ice beast (D:6)
  A phantom (D:8)
  5 ogres
  2 centaurs
  A big kobold (D:7)
  Blork the orc (D:4)
  2 bullfrogs
  A howler monkey (D:6)
  2 jellies (D:6)
  3 hounds
  2 orc priests
  4 orc wizards
  2 bullfrog skeletons
  4 worker ants
  Natasha (thrice) (D:4 D:7)
  3 iguanas
  Robin (D:2)
  A worker ant zombie (D:8)
  6 adders
  3 shadow imps
  2 oozes
  4 worms
  A dart slug (D:3)
  4 leopard geckos
  23 orcs
  8 bats
  7 giant cockroaches
  14 goblins
  11 hobgoblins
  13 jackals
  3 quokkas
  A ball python (D:2)
  2 frilled lizards (D:1)
  A jackal skeleton (D:5)
  8 kobolds
  A quokka skeleton (D:7)
  26 rats
196 creatures vanquished.

Notes
Turn   | Place    | Note
-------+----------+-------------------------------------------
     0 | D:1      | kae the Formicid Fighter began the quest for the Orb.
     0 | D:1      | Reached XP level 1. HP: 18/18 MP: 1/1
    83 | D:1      | Reached XP level 2. HP: 24/24 MP: 2/2
   311 | D:1      | Reached skill level 3 in Maces & Flails
   352 | D:1      | Reached XP level 3. HP: 25/29 MP: 3/3
   744 | D:2      | Noticed Robin
   919 | D:1      | Reached XP level 4. HP: 23/37 MP: 4/4
  1060 | D:2      | Killed Robin
  1758 | D:2      | Reached skill level 4 in Maces & Flails
  1889 | D:3      | Reached XP level 5. HP: 41/42 MP: 5/5
  2462 | D:4      | Noticed Blork the orc
  2482 | D:4      | Killed Blork the orc
  2482 | D:4      | Reached XP level 6. HP: 15/50 MP: 6/6
  2765 | D:4      | Noticed an ogre
  2775 | D:4      | Killed an ogre
  2775 | D:4      | Reached skill level 5 in Fighting
  2775 | D:4      | Reached skill level 5 in Maces & Flails
  3124 | D:4      | Reached XP level 7. HP: 39/56 MP: 7/7
  3329 | D:4      | Noticed Natasha
  3335 | D:4      | Killed Natasha
  3518 | D:4      | Reached skill level 6 in Maces & Flails
  3600 | D:4      | Noticed Natasha
  3622 | D:4      | Killed Natasha
  4048 | D:5      | Entered Level 5 of the Dungeon
  4128 | D:5      | Noticed Pikel
  4172 | D:5      | Killed Pikel
  4172 | D:5      | Reached skill level 8 in Maces & Flails
  4172 | D:5      | Reached XP level 8. HP: 43/67 MP: 8/8
  4353 | D:5      | Found a staircase to the Ecumenical Temple.
  4460 | Temple   | Entered the Ecumenical Temple
  4531 | Temple   | Became a worshipper of Warmaster Okawaru
  4679 | D:5      | Found a burning altar of Makhleb.
  4844 | D:5      | Found a shattered altar of Ashenzari.
  5565 | D:6      | Found a deep blue altar of Sif Muna.
  5589 | D:6      | Noticed CcS's ghost (novice MiBe)
  5666 | D:6      | Killed CcS's ghost
  5666 | D:6      | Reached * piety under Okawaru
  5666 | D:6      | Reached skill level 9 in Maces & Flails
  5666 | D:6      | Reached XP level 9. HP: 49/74 MP: 9/9
  5952 | D:6      | Reached ** piety under Okawaru
  5952 | D:6      | Reached skill level 10 in Maces & Flails
  5959 | D:6      | Reached skill level 1 in Invocations
  5987 | D:6      | Reached XP level 10. HP: 28/82 MP: 6/12
  6445 | D:7      | Reached *** piety under Okawaru
  6445 | D:7      | Reached skill level 11 in Maces & Flails
  6798 | D:7      | Found a sacrificial altar of Ru.
  6810 | D:7      | Noticed Natasha
  6822 | D:7      | Killed Natasha
  6902 | D:7      | Found a sparkling altar of Nemelex Xobeh.
  7035 | D:7      | Found a shadowy altar of Dithmenos.
  7273 | D:8      | Found Haczuk's Armour Boutique.
  7392 | D:8      | Found a blossoming altar of Fedhas.
  7407 | D:8      | Reached skill level 5 in Invocations
  7700 | D:8      | Found a staircase to the Lair.
  7749 | Lair:1   | Entered Level 1 of the Lair of Beasts
  7749 | Lair:1   | Noticed a spiny frog
  7755 | Lair:1   | Killed a spiny frog
  7755 | Lair:1   | Reached skill level 12 in Maces & Flails
  7757 | Lair:1   | Reached **** piety under Okawaru
  7769 | Lair:1   | Noticed a spiny frog
  7779 | Lair:1   | Killed a spiny frog
  7865 | Lair:1   | Noticed a black mamba
  7875 | Lair:1   | HP: 2/82 [black mamba (10)]
  7877 | Lair:1   | Succumbed to a black mamba's poison

Skill      XL: |  1  2  3  4  5  6  7  8  9 10 |
---------------+-------------------------------+-----
Maces & Flails | 3 4 5 8 9 10 12 | 12.2
Fighting       | 4 5 7 8 |  8.4
Invocations    | 2 5 |  5.9
Armour         | |  3.2
Shields        | |  3.6

Action                   |  1- 3 |  4- 6 |  7- 9 | 10-12 || total
-------------------------+-------+-------+-------+-------++-------
Melee: Flail             |   147 |   253 |   139 |       ||   539
       Whip              |       |       |   145 |   201 ||   346
Invok: Heroism           |       |       |     3 |     3 ||     6
 Abil: Dig               |       |       |     2 |       ||     2
  Use: Scroll            |       |       |    15 |     1 ||    16
       Potion            |       |       |     1 |       ||     1
 Stab: Paralysed         |       |       |       |     1 ||     1
  Eat: Chunk             |       |     8 |     9 |     6 ||    23
Armor: Scale mail        |    82 |    18 |       |       ||   100
       Plate armour      |       |   124 |   104 |    49 ||   277
Dodge: Dodged            |    52 |    41 |    27 |    17 ||   137
Block: Shield            |    94 |   140 |   105 |    49 ||   388
